 Dungeon Crawl Stone Soup version 0.20.1-1-g8b1a95d (webtiles) character file.

46 Irenicus the Magician (level 3, -3/28 HPs)
             Began as a Deep Dwarf Wizard on Nov 6, 2017.
             Killed by divine providence
             ... invoked by an orc priest
              (10 damage)
             ... on level 6 of the Dungeon.
             The game lasted 00:04:44 (714 turns).

Irenicus the Magician (Deep Dwarf Wizard)            Turns: 714, Time: 00:04:45

Health: -3/28      AC:  3    Str:  9 (10) XL:     3   Next: 46%
Magic:  13/16      EV: 18    Int: 16 (19) God:
Gold:   76         SH:  0    Dex: 15 (16) Spells: 3/8 levels left

rFire    . . .     SeeInvis .   (no weapon)
rCold    . . .     Gourm    .   (no shield)
rNeg     . . .     Faith    .   a - +0 robe
rPois    .         Spirit   .   b - +1 hat
rElec    .         Reflect  .   (no cloak)
rCorr    .         Harm     .   (no gloves)
MR       .....                  (no boots)
Stlth    +++.......             (no amulet)
Regen    0.0/turn               h - ring of magical power
MPRegen  0.2/turn               (no ring)

@: agile, non-regenerating
A: damage resistance, heal wounds, sense surroundings 1, no regeneration
a: Heal Wounds


You were on level 6 of the Dungeon.
You were not hungry.

You visited 1 branch of the dungeon, and saw 6 of its levels.

You collected 76 gold pieces.

Inventory:

Armour
 a - a +0 robe (worn)
 b - a +1 hat (worn)
Jewellery
 h - a ring of magical power (left hand)
Books
 c - a book of Minor Magic

   Spells                             Type                      Level
   a - Magic Dart                     Conjuration                  1
   b - Blink                          Translocation                2
   c - Call Imp                       Summoning                    2
   d - Slow                           Hexes                        2
   e - Conjure Flame                  Conjuration/Fire             3
   f - Mephitic Cloud                 Conjuration/Poison/Air       3
Comestibles
 d - a bread ration
 f - 2 fruits
 i - a royal jelly


   Skills:
 - Level 2.1 Dodging
 - Level 2.4 Stealth
 - Level 3.0 Spellcasting
 - Level 1.6 Conjurations
 + Level 2.2 Summonings
 - Level 1.1 Translocations


You had 3 spell levels left.
You knew the following spells:

 Your Spells              Type           Power        Failure   Level  Hunger
a - Magic Dart            Conj           #...         10%         1    #......
b - Blink                 Tloc           N/A          19%         2    ##.....
c - Call Imp              Summ           #.......     11%         2    ##.....


Dungeon Overview and Level Annotations

Branches:
Dungeon (6/15)
 Temple: D:4-7

Altars:


Innate Abilities, Weirdness & Mutations

You are resistant to damage.
You can heal yourself by infusing magical energy.
You passively map a small area around you.
You do not regenerate.


Message History

The orc dies!
Your crimson imp hits the orc priest.
Something closely misses your crimson imp.
Your crimson imp hits the orc priest.
It was a potion of degeneration.
There was something very wrong with that liquid.
You feel weakened.
You feel dopey.
You feel clumsy.
Your crimson imp is smitten.
Your crimson imp dies!
Your white imp hits the orc priest.
Your white imp freezes the orc priest.
It was a potion of agility.
You feel agile all of a sudden.
The orc priest hits your white imp but does no damage.
Your white imp hits the orc priest.
The orc priest dies!
Your Summonings skill increases to level 2!
An orc comes into view. It is wielding a whip.
The orc priest invokes the aid of Beogh against you.
Beogh smites you!
You die...

,
..................#...#......#
..................#...#......#
..................#...#......#
................†.#...+......#
..................#...#......#
,
.##+##............#...#......#
+............#...#....l## *
#>...........#...##....# +
##+###...@.####+## .....#
#.....# ...,,.....# , #...5.#
..... .....# , #.....#.......
, , #...).#........
,#....)#....h.... ,, , ,,
#..oo.###+####... , , *,
,#.......# , , , , #.......# ,


You could see an orc priest, an orc and a friendly white imp.

Vanquished Creatures
  An adder skeleton (D:5)
  A leopard gecko (D:4)
  An orc (D:5)
  2 hobgoblins (D:1)
  2 kobolds
  A frilled lizard (D:1)
  2 rats (D:1)
10 creatures vanquished.

Vanquished Creatures (collateral kills)
  A hound (D:6)
  An orc priest (D:6)
  An orc (D:6)
3 creatures vanquished.

Grand Total: 13 creatures vanquished

Notes
Turn   | Place    | Note
-------+----------+-------------------------------------------
     0 | D:1      | Irenicus the Deep Dwarf Wizard began the quest for the Orb.
     0 | D:1      | Reached XP level 1. HP: 15/15 MP: 4/4
    66 | D:1      | Reached skill level 1 in Conjurations
   215 | D:2      | Reached skill level 3 in Spellcasting
   386 | D:4      | Noticed an ogre
   392 | D:4      | Reached XP level 2. HP: 16/22 MP: 1/6
   400 | D:4      | Learned a level 2 spell: Blink
   404 | D:4      | Learned a level 2 spell: Call Imp
   405 | D:5      | Entered Level 5 of the Dungeon
   542 | D:5      | Noticed a phantom
   605 | D:6      | Noticed an ogre
   655 | D:6      | Reached skill level 1 in Summonings
   655 | D:6      | Reached XP level 3. HP: 15/28 MP: 7/7
   714 | D:6      | Killed from afar by an orc priest

Skill      XL: |  1  2  3 |
---------------+----------+-----
Conjurations   | 1 |  1.6
Spellcasting   | 3 |  3.0
Summonings     | 1 2 |  2.2
Dodging        | |  2.1
Stealth        | |  2.4
Translocations | |  1.1

Action                   || total
-------------------------++-------
Melee: Unarmed           ||    21
 Cast: Magic Dart        ||    24
       Call Imp          ||     6
  Use: Scroll            ||     4
       Potion            ||     2
Armor: Robe              ||     3
Dodge: Dodged            ||    14
